 Dungeon Crawl Stone Soup version 0.26.1-11-gd32895ea62 (webtiles) character file.

Game seed: 205915379290783515

3116 nomophobia the Cleaver (level 9, -9/108 HPs)
             Began as a Demonspawn Berserker on May 22, 2021.
             Was an Elder of Trog.
             Killed by divine providence
             ... invoked by an orc priest
              (15 damage)
             ... on level 8 of the Dungeon on May 23, 2021.
             The game lasted 00:57:48 (7256 turns).

nomophobia the Cleaver (Demonspawn Berserker)       Turns: 7256, Time: 00:57:52

Health: -9/108     AC: 17    Str: 22    XL:     9   Next: 60%
Magic:  9/9        EV:  9    Int:  8    God:    Trog [****..]
Gold:   575        SH:  0    Dex: 12    Spells: 8/8 levels left

rFire    . . .     SeeInvis .   a - +1 hand axe
rCold    . . .     Faith    .   (no shield)
rNeg     + . .     Spirit   .   j - +1 chain mail
rPois    .         Reflect  .   A - +0 helmet
rElec    .         Harm     .   k - +0 cloak
rCorr    +         Rampage  .   (no gloves)
Will     .....                  (boots unavailable)
Stlth    ..........             p - amulet of regeneration
HPRegen  0.68/turn              m - ring of positive energy
MPRegen  0.11/turn              E - ring of resist corrosion

@: berserking, very quick
A: talons 3, slimy green scales 2
a: Renounce Religion, Berserk, Trog's Hand, Brothers in Arms


You were on level 8 of the Dungeon.
You worshipped Trog.
Trog was greatly pleased with you.
You visited 1 branch of the dungeon, and saw 8 of its levels.

You collected 575 gold pieces.

Inventory:

Hand Weapons
 a - a +1 hand axe (weapon)
Armour
 j - a +1 chain mail (worn)
 k - a +0 cloak (worn)
 A - a +0 helmet (worn)
Jewellery
 m - a ring of positive energy (left hand)
 p - an amulet of regeneration (around neck)
 E - a ring of resist corrosion (right hand)
Wands
 t - a wand of flame (12)
Scrolls
 c - a scroll of enchant armour
 d - 6 scrolls of remove curse
 e - 2 scrolls of magic mapping {unknown}
 f - 2 scrolls of enchant weapon
 g - a scroll of fear {unknown}
 x - a scroll of teleportation
 z - a scroll of fog
 B - a scroll of blinking
Potions
 b - a potion of invisibility {unknown}
 h - 2 potions of haste
 i - 3 potions of flight
 l - a potion of might {unknown}
 o - 6 potions of curing
 q - a potion of heal wounds {unknown}
 r - 2 potions of lignification
 s - a potion of degeneration {unknown}
 C - a potion of mutation {unknown}


   Skills:
 * Level 7.6 Fighting
 + Level 8.0 Axes
 + Level 7.7 Armour
 - Level 1.7 Dodging


You had 8 spell levels left.
You didn't know any spells.
Your spell library was empty.

Dungeon Overview and Level Annotations

Branches:
Dungeon (8/15)             Temple (0/1) D:7            Lair (0/6) D:8

Altars:
Elyvilon
Fedhas
Xom

Shops:
D:4 (


Innate Abilities, Weirdness & Mutations

You have claws for feet.
You are mostly covered in slimy green scales. (AC +3)


Message History

The orc priest calls down the wrath of Beogh upon you.
Beogh smites you!
* * * LOW HITPOINT WARNING * * *
The orc warrior barely misses you.
You slash the warg!
You kill the warg!
Trog accepts your kill.
You slash the orc priest!
You kill the orc priest!
Trog accepts your kill.
Your Axes skill increases to level 8!
Okay, then.
You hit the orc priest. You claw the orc priest!
You feel the power of Trog in you as your rage grows.
You kill the orc priest!
Trog accepts your kill.
Your chain mail prevents you from hitting the orc.
The orc priest invokes the aid of Beogh against you.
Beogh smites you!
You die...

#.# #.# #.#.# #.# #.#
####.#.####.## #.# #.#
#.............
#.###.######.#.####.##
#.....#........#
#.#####........#
###'#####........#
.......##..(.....###
#......######...@)o#
#.............###o..#
....#+#.......# .o..#
.>............# .....#
#.#.#.#.####### o....#
........# #.. .......
#.#.#.#.####.# ......#
.......... ... .>.....
......#.####.#


You could see an orc warrior, an orc priest and 2 orcs.

Vanquished Creatures
  Pikel (D:6)
  2 wargs (D:8)
  An orc warrior (D:7)
  A hornet zombie (D:8)
  An ice beast (D:7)
  6 ogres
  4 centaurs
  A lemure (D:6)
  2 bullfrogs (D:6)
  Blork the orc (D:4)
  A wyvern skeleton (D:7)
  2 scorpions
  3 killer bees (D:7)
  2 orc priests (D:8)
  A centaur zombie (D:7)
  3 hounds
  5 orc wizards
  A quasit (D:5)
  3 iguanas
  4 worker ants
  A killer bee zombie (D:8)
  A howler monkey zombie (D:8)
  4 gnolls (D:2)
  13 adders
  A shadow imp (D:5)
  A white imp (D:7)
  An ufetubus (D:7)
  An ooze (D:5)
  An adder zombie (D:6)
  4 worms
  2 dart slugs
  6 leopard geckos
  23 orcs
  4 giant cockroaches
  7 hobgoblins
  13 jackals
  3 kobolds
  3 quokkas
  3 ball pythons
  A ball python skeleton (D:4)
  5 bats
  6 frilled lizards
  5 goblins
  2 quokka skeletons
  3 rats
  A butterfly (D:7)
160 creatures vanquished.

Notes
Turn   | Place    | Note
-------+----------+-------------------------------------------
     0 | D:1      | nomophobia the Demonspawn Berserker began the quest for the
                  | Orb.
     0 | D:1      | Reached XP level 1. HP: 18/18 MP: 1/1
   298 | D:1      | Found a radiant altar of Vehumet.
   300 | D:1      | Found a glowing silver altar of Zin.
   300 | D:1      | Found a shimmering altar of Xom.
   302 | D:1      | Found a sparkling altar of Nemelex Xobeh.
   302 | D:1      | Found a snail-covered altar of Cheibriados.
   302 | D:1      | Found a shimmering altar of Xom.
   920 | D:1      | Reached skill level 3 in Axes
  1058 | D:1      | Gained mutation: You are partially covered in slimy green
                  | scales. (AC +2) [demonic ancestry]
  1058 | D:1      | Reached XP level 2. HP: 24/24 MP: 2/2
  1522 | D:2      | Gained mutation: You are mostly covered in slimy green
                  | scales. (AC +3) [demonic ancestry]
  1522 | D:2      | Reached XP level 3. HP: 29/29 MP: 3/3
  1661 | D:2      | Gained mutation: You have sharp toenails. [demonic
                  | ancestry]
  1661 | D:2      | Reached XP level 4. HP: 33/35 MP: 4/4
  2561 | D:3      | Reached skill level 4 in Axes
  2772 | D:3      | Reached ** piety under Trog
  2798 | D:3      | Gained mutation: You have razor-sharp toenails. [demonic
                  | ancestry]
  2798 | D:3      | Reached XP level 5. HP: 41/41 MP: 5/5
  3922 | D:4      | Noticed Blork the orc
  3922 | D:4      | Noticed an ogre
  3932 | D:4      | Killed Blork the orc
  3933 | D:4      | Reached XP level 6. HP: 47/47 MP: 6/6
  3935 | D:4      | Reached skill level 5 in Axes
  3986 | D:4      | Found Yzu Egra's Weapon Emporium.
  4290 | D:5      | Entered Level 5 of the Dungeon
  4535 | D:5      | Found a blossoming altar of Fedhas.
  4566 | D:5      | Reached skill level 5 in Armour
  4590 | D:5      | Gained mutation: You have claws for feet. [demonic
                  | ancestry]
  4590 | D:5      | Reached XP level 7. HP: 52/52 MP: 7/7
  4682 | D:5      | Reached skill level 6 in Axes
  4895 | D:6      | Reached *** piety under Trog
  5015 | D:6      | Reached XP level 8. HP: 58/58 MP: 8/8
  5085 | D:6      | Got a bloodstained broad axe
  5212 | D:6      | Noticed Pikel
  5229 | D:6      | Killed Pikel
  5230 | D:6      | Reached skill level 5 in Fighting
  5230 | D:6      | Reached skill level 7 in Axes
  6022 | D:7      | Reached XP level 9. HP: 69/69 MP: 9/9
  6038 | D:7      | Found a white marble altar of Elyvilon.
  6086 | D:7      | Found a staircase to the Ecumenical Temple.
  6316 | D:7      | Reached **** piety under Trog
  7241 | D:8      | Found a staircase to the Lair.
  7254 | D:8      | HP: 5/108 [orc priest/divine providence (10)]
  7256 | D:8      | Reached skill level 8 in Axes
  7256 | D:8      | Killed from afar by an orc priest

Illustrated notes

Levels and vault maps discovered:
D:1:      lightli_arrival_quake, layout_basic, st_stairs_7,
          nrook_mini_backslash, chequers_serial_rivers_large_a, moated_statue,
          doesnt_xom_only_xom
D:2:      layout_basic, minmay_misc_feat_rows
D:3:      layout_basic, grunt_ministairs_9, eino_tiny_chamber
D:4:      layout_gridville, serial_shops, shop, minmay_misc_feat_cross,
          uniq_blork_the_orc
D:5:      layout_cave_pools, fedhas_altar_fruit_tree
D:6:      layout_cave_pools, chequers_jeans, uniq_pikel
D:7:      layout_layer_cave, lemuel_round_altar,
          minmay_temple_entry_butterflies, chequers_serial_rivers_small_3
D:8:      layout_basic, erik_lair_orcish_takeover, okawaru_metal_pillars_3

Skill      XL: |  1  2  3  4  5  6  7  8  9 |
---------------+----------------------------+-----
Armour         | 2 3 4 5 6 7 |  7.7
Axes           | 3 4 5 6 7 8 |  8.0
Fighting       | 5 7 |  7.6
Dodging        | |  1.7

Action                   |  1- 3 |  4- 6 |  7- 9 || total
-------------------------+-------+-------+-------++-------
Melee: Hand axe          |    65 |   322 |   284 ||   671
       Kick              |       |       |    84 ||    84
Invok: Berserk           |     1 |     4 |     4 ||     9
  Use: Scroll            |       |    15 |     8 ||    23
Armor: Animal skin       |     9 |       |       ||     9
       Chain mail        |    21 |   217 |   189 ||   427
Dodge: Dodged            |    32 |   151 |   117 ||   300
